General information
- name: BNet
- type: Ladder 1vs1/FFA
- host: Battle.net
- saver: aidsdontstack
map: TwistedMeadows
- players: 2
- length: 16:53
- speed: Fast
- version: 1.21 W3XP
- replay type: Public
» download(63 KB)
Players
team 1 (winner)
aidsdontstack (
green | 142 APM | 2390 actions | 16:53)
5 Archmage
3 Summon Water Elemental
2 Brilliance Aura
4 Pandaren Brewmaster
2 Breath of Fire
2 Drunken Haze
2 Dark Ranger
1 Silence
1 Life Drain
» actions
| Assign group hotkey | 41 | |
| Basic commands | 255 | |
| Build / train | 57 | |
| ESC pressed | 2 | |
| Enter build submenu | 27 | |
| Enter hero's abilities submenu | 13 | |
| Right click | 596 | |
| Select / deselect | 280 | |
| Select group hotkey | 1039 | |
| Use ability | 80 | |
2390 total
» units
| Peasant | 11 | |
| Footman | 5 | |
| Priest | 4 | |
| Spell Breaker | 2 | |
| Gryphon Rider | 4 | |
| Knight | 3 | |
| Goblin Shredder | 1 | |
30 total
» upgrades
| Lumber Harvesting | 1 | |
| Storm Hammers | 1 | |
2 total
» buildings
| Altar of Kings | 1 | |
| Farm | 11 | |
| Barracks | 1 | |
| Keep | 2 | |
| Arcane Vault | 3 | |
| Lumber Mill | 1 | |
| Arcane Sanctum | 1 | |
| Blacksmith | 1 | |
| Castle | 1 | |
| Gryphon Aviary | 2 | |
24 total
» build order
00:06 Altar of Kings
00:19 Farm
00:21 Barracks
00:49 Farm
01:46 Farm
03:09 Farm
03:12 Keep
03:21 Arcane Vault
03:30 Lumber Mill
04:17 Farm
05:18 Farm
05:34 Arcane Sanctum
05:50 Blacksmith
05:54 Castle
06:08 Farm
06:36 Gryphon Aviary
08:22 Gryphon Aviary
09:10 Farm
09:45 Farm
11:34 Arcane Vault
13:19 Farm
13:21 Farm
14:41 Arcane Vault
» items
team 2 (loser)
SUCKMY-8llllllD (
yellow | 115 APM | 1940 actions | 16:51)
5 Archmage
2 Summon Water Elemental
3 Brilliance Aura
3 Mountain King
2 Storm Bolt
1 Bash
» actions
| Assign group hotkey | 86 | |
| Basic commands | 12 | |
| Build / train | 55 | |
| Enter build submenu | 17 | |
| Enter hero's abilities submenu | 8 | |
| Give item / drop item | 1 | |
| Remove unit from queue | 1 | |
| Right click | 989 | |
| Select / deselect | 268 | |
| Select group hotkey | 447 | |
| Use ability | 56 | |
1940 total
» units
| Peasant | 8 | |
| Footman | 7 | |
| Forest Troll Berserker | 2 | |
| Forest Troll Shadow Priest | 2 | |
| Priest | 3 | |
| Rifleman | 4 | |
| Spell Breaker | 5 | |
| Dragonhawk Rider | 5 | |
36 total
» upgrades
» buildings
| Altar of Kings | 1 | |
| Farm | 9 | |
| Barracks | 1 | |
| Keep | 1 | |
| Arcane Vault | 1 | |
| Lumber Mill | 1 | |
| Arcane Sanctum | 2 | |
| Castle | 1 | |
| Blacksmith | 1 | |
| Gryphon Aviary | 1 | |
19 total
» build order
00:06 Altar of Kings
00:21 Farm
00:23 Barracks
01:11 Farm
01:51 Farm
03:10 Keep
03:12 Arcane Vault
03:43 Lumber Mill
03:50 Farm
05:01 Farm
05:37 Farm
05:59 Arcane Sanctum
08:21 Arcane Sanctum
08:22 Castle
08:26 Farm
08:30 Blacksmith
09:06 Farm
09:45 Farm
11:04 Gryphon Aviary
» items
| Scroll of Regeneration | 3 | |
| Lesser Clarity Potion | 2 | |
| Scroll of Town Portal | 1 | |
6 total
Chat log
(00:12 / All) SUCKMY-8llllllD: nice name
(00:15 / All) aidsdontstack: u2
(00:19 / All) SUCKMY-8llllllD: =]
(00:44 / All) SUCKMY-8llllllD: glhf
(00:46 / All) aidsdontstack: u2